 Dungeon Crawl Stone Soup version 0.17-a0-2002-g92c7e20 (webtiles) character file.

171 wvc the Insei (level 5, 9/41 HPs)
             Began as a Human Monk on Oct 8, 2015.
             Was a Believer of Ashenzari.
             Quit the game on level 4 of the Dungeon.
             The game lasted 00:06:44 (4297 turns).

wvc the Insei (Human Monk)                          Turns: 4297, Time: 00:06:44

Health: 9/41       AC:  3    Str: 12    XL:     5   Next: 81%
Magic:  2/5        EV: 13    Int: 11    God:    Ashenzari [**....]
Gold:   288        SH:  0    Dex: 15    Spells: 0 memorised, 4 levels left

rFire  . . .     SeeInvis .       - Unarmed
rCold  . . .     Clarity  .     i - +0 leather armour
rNeg   . . .     SustAt   .     (no shield)
rPois  .         Gourm    .     (no helmet)
rElec  .         Spirit   +     (no cloak)
rCorr  .         Warding  .     (no gloves)
rMut   .         Stasis   .     (no boots)
MR     +....                    g - amulet of guardian spirit
Stlth  ++........               (no ring)
                                m - ring of protection from magic

@: somewhat resistant to hostile enchantments, unstealthy
A: no striking features
a: Scrying, Renounce Religion


You were on level 4 of the Dungeon.
You worshipped Ashenzari.
Ashenzari was pleased with you.
You were not hungry.

You visited 1 branch of the dungeon, and saw 4 of its levels.

You collected 288 gold pieces.

Inventory:

Missiles
 c - 13 poisoned needles
 l - 6 javelins (quivered)
Armour
 i - a +0 leather armour (worn)
Jewellery
 a - an uncursed ring of protection from magic
 g - an amulet of guardian spirit (around neck)
 m - a ring of protection from magic (left hand)
Scrolls
 e - 2 scrolls of enchant weapon
 h - a scroll of teleportation
 k - a scroll of amnesia
Potions
 d - a potion of lignification
 f - a potion of brilliance
 j - a potion of cure mutation
 o - 2 potions of magic {unknown}
Comestibles
 b - 2 bread rations


   Skills:
 + Level 3.3 Fighting
 + Level 1.4 Armour
 + Level 4.0 Dodging
 - Level 2.0 Stealth
 * Level 5.5 Unarmed Combat


You had 4 spell levels left.
You didn't know any spells.

Dungeon Overview and Level Annotations

Branches:
Dungeon (4/15)
 Temple: D:4-7

Altars:
Ashenzari
Makhleb
Yredelemnul

Annotations:
D:4 exclusion: slave, Pikel


Message History

The orc wizard blinks!
The slave closely misses you.
You hit the slave but do no damage.
The slave is almost dead.
The slave closely misses you.
You hit the slave but do no damage.
The slave is almost dead.
The slave hits you.
You punch the slave!
You kill the slave!
That felt strangely unrewarding.
You miss something.
You hear some strange, mumbled words.
A puff of flame appears from out of thin air!
The puff of flame hits you!
* * * LOW HITPOINT WARNING * * *
You completely miss something. Something hits you.
* * * LOW HITPOINT WARNING * * *
You hit something. Something hits you.
You miss something. You punch something. Something hits you but does no damage.
Are you sure you want to abandon this character and quit the game? (Confirm with "yes".)

#...>.≈#≈...§§#
###..§§#≈...§##
##.#§#≈≈§≈≈#
#.#§##⌠#⌠##
#.#≈§######*
######..........
##
#...##..#######S*
##.##.#.......p.#
,
#.#.{@..##..###p#*
#K######......, *
* #{# #.....# * ,
* #.# ##...##* , ,
.# #p# ##..# * .#
#[# #..######.# .#
#o# #.p.......# .#
#p# ##'#########*
.# ##.# ##K..##


You could see Pikel.

Vanquished Creatures
  2 slaves (D:4)
  Natasha (thrice) (D:3)
  5 adders
  2 worms (D:2)
  3 giant geckos
  6 orcs (D:3)
  5 goblins
  6 hobgoblins
  12 kobolds
  2 quokkas (D:3)
  10 bats
  6 giant cockroaches
  4 giant newts
  6 jackals
  9 rats
81 creatures vanquished.

Notes
Turn   | Place    | Note
--------------------------------------------------------------
     0 | D:1      | wvc the Human Monk began the quest for the Orb.
     0 | D:1      | Reached XP level 1. HP: 18/18 MP: 1/1
    66 | D:1      | Reached XP level 2. HP: 14/24 MP: 2/2
   384 | D:1      | Found a shattered altar of Ashenzari.
   419 | D:1      | Became a worshipper of Ashenzari the Shackled
   419 | D:1      | Acquired Ashenzari's first power
   419 | D:1      | Acquired Ashenzari's second power
   510 | D:1      | Reached XP level 3. HP: 26/29 MP: 3/3
  1628 | D:2      | Reached XP level 4. HP: 31/35 MP: 4/4
  1633 | D:2      | Reached skill level 5 in Unarmed Combat
  2267 | D:3      | Reached XP level 5. HP: 11/41 MP: 2/5
  2664 | D:3      | Noticed Natasha
  2673 | D:3      | Killed Natasha
  3028 | D:3      | Noticed Natasha
  3049 | D:3      | Killed Natasha
  3049 | D:3      | Reached skill level 1 in Armour
  3213 | D:3      | Noticed Natasha
  3220 | D:3      | Killed Natasha
  3384 | D:3      | Found a basalt altar of Yredelemnul.
  3700 | D:4      | Noticed a slave
  3709 | D:4      | Found a burning altar of Makhleb.
  4249 | D:4      | Noticed a slave
  4253 | D:4      | Noticed a slave
  4256 | D:4      | Noticed a slave
  4259 | D:4      | Noticed Pikel
  4279 | D:4      | Killed a slave
  4286 | D:4      | Killed a slave
  4297 | D:4      | Quit the game

Vault maps used:
D:1:      dpeg_arrival_tiny_h, evilmike_ruin_ashenzari
D:3:      lemuel_round_altar, grunt_ministairs_4, uniq_natasha
D:4:      lightli_temple_of_fire, first_bread, uniq_pikel

Action                   |  1- 3 |  4- 6 || total
-------------------------+-------+-------++-------
Melee: Unarmed           |   116 |   189 ||   305
Throw: Javelin           |     1 |     8 ||     9
  Use: Scroll            |     6 |     4 ||    10
 Stab: Sleeping          |     1 |     4 ||     5
       Distracted        |     1 |       ||     1
  Eat: Chunk             |     2 |     1 ||     3
       Meat ration       |       |     2 ||     2
